 Dungeon Crawl Stone Soup version 0.23-a0-137-gef0ad6d46f (webtiles) character file.

846 Napalmbreeze the Chopper (level 7, 0/62 HPs)
             Began as a Minotaur Fighter on Aug 29, 2018.
             Was a Believer of Okawaru.
             Slain by a steam dragon (8 damage)
             ... on level 5 of the Dungeon.
             The game lasted 00:08:28 (4415 turns).

Napalmbreeze the Chopper (Minotaur Fighter)         Turns: 4415, Time: 00:08:28

Health: 0/62       AC: 10    Str: 20    XL:     7   Next: 68%
Magic:  7/7        EV:  9    Int:  5    God:    Okawaru [**....]
Gold:   172        SH:  0    Dex: 12    Spells: 6/6 levels left

rFire    . . .     SeeInvis .   a - +0 war axe
rCold    . . .     Gourm    .   (no shield)
rNeg     . . .     Faith    .   n - +0 chain mail (curse)
rPois    .         Spirit   .   (helmet restricted)
rElec    .         Reflect  .   (no cloak)
rCorr    .         Harm     .   (no gloves)
MR       .....                  (no boots)
Stlth    ..........             (no amulet)
HPRegen  0.20/turn              (no ring)
MPRegen  0.10/turn              (no ring)

@: no status effects
A: retaliatory headbutt, horns 2
a: Heroism, Renounce Religion


You were on level 5 of the Dungeon.
You worshipped Okawaru.
Okawaru was pleased with you.
You were not hungry.

You visited 1 branch of the dungeon, and saw 5 of its levels.

You collected 172 gold pieces.

Inventory:

Hand Weapons
 a - a +0 war axe (weapon)
Armour
 b - a +0 scale mail
 c - a +0 shield
 n - a cursed +0 chain mail (worn)
Jewellery
 q - an uncursed ring of poison resistance {unknown}
 r - an uncursed ring of fire {unknown}
Scrolls
 i - 3 scrolls of fear {unknown}
 j - 2 scrolls of blinking {unknown}
 k - 2 scrolls of remove curse {unknown}
 m - a scroll of random uselessness {unknown}
 o - 8 scrolls of identify {unknown}
 s - a scroll of amnesia {unknown}
 u - a scroll of fog {unknown}
 v - 2 scrolls of magic mapping {unknown}
 x - a scroll of teleportation {unknown}
 y - a scroll of enchant armour {unknown}
Potions
 d - a potion of might
 e - 2 potions of heal wounds {unknown}
 g - a potion of curing
 h - 2 potions of haste {unknown}
 l - a potion of degeneration {unknown}
 p - a potion of magic {unknown}
 t - a potion of agility {unknown}
 z - a potion of brilliance {unknown}
Miscellaneous
 w - a phial of floods
Comestibles
 f - 9 rations


   Skills:
 + Level 5.7 Fighting
 * Level 6.7 Axes
 + Level 5.5 Armour
 + Level 3.6 Dodging
 - Level 3.6 Shields
 + Level 2.4 Invocations


You had 6 spell levels left.
You didn't know any spells.
Your spell library contained the following spells:

 Spells                   Type           Power        Failure   Level  Hunger
 Magic Dart               Conj           #...         99%         1    ##.....
 Blink                    Tloc           N/A          100%        2    ###....
 Call Imp                 Summ           #.......     100%        2    ###....
 Slow                     Hex            #.......     100%        2    ###....
 Conjure Flame            Conj/Fire      #.......     100%        3    ####...
 Mephitic Cloud           Conj/Pois/Air  #.......     100%        3    ####...


Dungeon Overview and Level Annotations

Branches:
Dungeon (5/15)
 Temple: D:4-7

Altars:
Ashenzari
Dithmenos
Fedhas
Gozag
Makhleb
Okawaru
Ru
Trog

Annotations:
D:4 3 runed doors, Ablot's ghost, novice GnSk; MrRokkomies's ghost, amateur HuWn; Tarcrawler's ghost, novice GrWz; alpinistek's ghost, amateur DsIE; yrara's ghost, amateur DsFi


Innate Abilities, Weirdness & Mutations

You reflexively headbutt those who attack you in melee.
You have a pair of horns on your head.


Message History

The steam dragon claws you but does no damage.
The centaur skeleton hits you.
Your chain mail prevents you from hitting the steam dragon.
The steam dragon is lightly wounded.
You hit the centaur skeleton. The steam dragon bites you.
The steam dragon closely misses you.
The centaur skeleton hits you but does no damage.
Unknown command.
You closely miss the steam dragon.
The steam dragon is lightly wounded.
You hit the centaur skeleton. The centaur skeleton hits you.
* * * LOW HITPOINT WARNING * * *
The steam dragon bites you.
* * * LOW HITPOINT WARNING * * *
The steam dragon closely misses you. The centaur skeleton hits you.
* * * LOW HITPOINT WARNING * * *
The steam dragon breathes steam at you. The ball of steam misses you.
The centaur skeleton barely misses you. The steam dragon bites you!
You die...

#P.≈# #.# ##.§D# #..
#≈.§P# ##..###
##.P.P# #.....###
#.§..P####. #....###
#≈≈≈§P§#...###.....#
#.§P§≈≈#.##........#
#......##.<.#D...###
#......[.§##@§.###
##......####Z###
#.....## #.. #...###
#... #...# #....
##### #..... ##.....
......


You could see a steam dragon and a centaur skeleton.

Vanquished Creatures
  Eustachio (D:5)
  A steam dragon (D:5)
  An ogre (D:4)
  A scorpion (D:4)
  A crimson imp (D:4)
  A gnoll shaman (D:4)
  3 orc priests
  3 orc wizards (D:4)
  A worker ant zombie (D:5)
  3 gnolls (D:4)
  6 adders
  A shadow imp (D:5)
  3 oozes
  3 worms
  3 dart slugs
  2 leopard geckos
  14 orcs
  A giant cockroach (D:2)
  4 goblins
  7 hobgoblins
  4 jackals (D:1)
  5 quokkas
  2 ball pythons
  8 bats
  2 frilled lizards
  10 kobolds
  4 rats
95 creatures vanquished.

Notes
Turn   | Place    | Note
-------+----------+-------------------------------------------
     0 | D:1      | Napalmbreeze the Minotaur Fighter began the quest for the
                  | Orb.
     0 | D:1      | Reached XP level 1. HP: 19/19 MP: 0/0
   132 | D:1      | Found an iron altar of Okawaru.
   147 | D:1      | Became a worshipper of Warmaster Okawaru
   178 | D:1      | Reached XP level 2. HP: 24/27 MP: 1/1
   271 | D:1      | Reached skill level 3 in Axes
   432 | D:1      | Reached skill level 1 in Dodging
   804 | D:2      | Reached XP level 3. HP: 23/33 MP: 2/2
  1307 | D:2      | Found a shattered altar of Ashenzari.
  1314 | D:2      | Found a shadowy altar of Dithmenos.
  1314 | D:2      | Found a burning altar of Makhleb.
  1319 | D:2      | Found a bloodstained altar of Trog.
  1622 | D:3      | Found a blossoming altar of Fedhas.
  1636 | D:3      | Reached XP level 4. HP: 40/40 MP: 3/3
  1736 | D:3      | Reached skill level 4 in Axes
  1873 | D:3      | Found an opulent altar of Gozag.
  2109 | D:3      | Reached * piety under Okawaru
  2109 | D:3      | Reached XP level 5. HP: 34/47 MP: 4/4
  2726 | D:4      | Reached skill level 5 in Axes
  2729 | D:4      | Reached XP level 6. HP: 29/55 MP: 5/5
  2734 | D:4      | Reached skill level 1 in Invocations
  3061 | D:4      | Reached skill level 5 in Fighting
  3065 | D:4      | Reached skill level 5 in Armour
  3547 | D:4      | Found a sacrificial altar of Ru.
  3642 | D:4      | Reached skill level 6 in Axes
  3642 | D:4      | Reached XP level 7. HP: 44/61 MP: 7/7
  3859 | D:4      | Found a runed gate.
  3859 | D:4      | Noticed yrara's ghost (amateur DsFi)
  3860 | D:4      | Found a runed gate.
  3860 | D:4      | Noticed alpinistek's ghost (amateur DsIE)
  3861 | D:4      | Found a runed gate.
  3863 | D:4      | Noticed Ablot's ghost (novice GnSk)
  3863 | D:4      | Noticed Tarcrawler's ghost (novice GrWz)
  3863 | D:4      | Noticed MrRokkomies's ghost (amateur HuWn)
  4115 | D:5      | Entered Level 5 of the Dungeon
  4115 | D:5      | Noticed Eustachio
  4134 | D:5      | Killed Eustachio
  4217 | D:5      | Noticed a steam dragon
  4218 | D:5      | Noticed a steam dragon
  4411 | D:5      | Killed a steam dragon
  4411 | D:5      | Reached ** piety under Okawaru
  4415 | D:5      | Slain by a steam dragon

Vault maps used:
D:1:      dpeg_arrival_snail, okawaru_ov_weapons_minmay
D:2:      minitemple, first_ration
D:3:      grunt_gozag_breadcrumbs, old_standard_altar, minmay_checkerbox
D:4:      lemuel_round_altar, gammafunk_ghost_cemetery
D:5:      kennysheep_steamy, minmay_misc_feat_x, lightli_corner_chamber,
          uniq_prince_ribbit1, uniq_eustachio

Skill      XL: |  1  2  3  4  5  6  7 |
---------------+----------------------+-----
Axes           | 3 4 5 6 |  6.7
Dodging        | 1 2 3 |  3.6
Fighting       | 4 5 |  5.7
Armour         | 4 5 |  5.5
Invocations    | 1 2 |  2.4
Shields        | |  3.6

Action                   |  1- 3 |  4- 6 |  7- 9 || total
-------------------------+-------+-------+-------++-------
Melee: War axe           |    80 |   114 |    38 ||   232
       Headbutt          |     6 |    21 |     8 ||    35
  Use: Potion            |       |     3 |       ||     3
  Eat: Chunk             |     2 |     3 |     1 ||     6
       Ration            |       |     1 |     1 ||     2
Armor: Scale mail        |    25 |       |       ||    25
       Chain mail        |    31 |    76 |    25 ||   132
Dodge: Dodged            |    51 |    70 |    28 ||   149

Table legend:
 A = Non-vault XP
 B = Vault XP
 C = Vault XP percentage of total XP
 D = Non-vault monster count
 E = Vault monster count
 F = Vault count percentage of total count
                 A         B        C        D         E       F
            +---------+---------+-------+---------+---------+-------
      Total |     817 |     392 |  32.4 |      89 |       6 |   6.3
            +---------+---------+-------+---------+---------+-------
        D:1 |      37 |       0 |   0.0 |      21 |       0 |   0.0
        D:2 |      58 |       0 |   0.0 |      17 |       0 |   0.0
        D:3 |     155 |      24 |  13.4 |      18 |       4 |  18.2
        D:4 |     535 |       0 |   0.0 |      30 |       0 |   0.0
        D:5 |      32 |     368 |  92.0 |       3 |       2 |  40.0
            +---------+---------+-------+---------+---------+-------
